 Dungeon Crawl Stone Soup version 0.24.0-1-gfbc8707 (webtiles) character file.

Game seed: 14333538124575304194, levelgen mode: deterministic

3608 Bazzalis the Sneak (level 10, -4/56 HPs)
             Began as a Kobold Ice Elementalist on Nov 1, 2019.
             Was a Priest of Yredelemnul.
             Killed from afar by an orc (6 damage)
             ... with a bolt of acid
             ... on level 8 of the Dungeon.
             The game lasted 01:15:36 (12894 turns).

Bazzalis the Sneak (Kobold Ice Elementalist)       Turns: 12894, Time: 01:15:36

Health: -4/56      AC:  8    Str:  9    XL:     10   Next: 32%
Magic:  0/18       EV: 18    Int: 16    God:    Yredelemnul [***...]
Gold:   285        SH:  0    Dex: 16    Spells: 14/20 levels left

rFire    . . .     SeeInvis .   a - +2 short sword (elec)
rCold    . . .     Gourm    .   (shield restricted)
rNeg     . . .     Faith    .   m - +0 robe
rPois    .         Spirit   +   p - +1 helmet
rElec    .         Reflect  .   n - +0 cloak
rCorr    +         Harm     .   (no gloves)
MR       .....                  (no boots)
Stlth    ++++......             t - amulet of guardian spirit
HPRegen  0.18/turn              q - +3 ring of protection
MPRegen  0.16/turn              A - ring of resist corrosion

@: no status effects
A: small, carnivore
a: Recall Undead Slaves, Injury Mirror, Animate Dead, Renounce Religion


You were on level 8 of the Dungeon.
You worshipped Yredelemnul.
Yredelemnul was most pleased with you.
You were completely stuffed.

You visited 1 branch of the dungeon, and saw 8 of its levels.

You collected 471 gold pieces.
You spent 186 gold pieces at shops.

Inventory:

Hand Weapons
 a - a +2 short sword of electrocution (weapon)
   (You bought it in a shop on level 7 of the Dungeon)
 b - a +0 hunting sling
   (You found it on level 1 of the Dungeon)
Missiles
 c - 352 stones (quivered)
 j - 90 sling bullets
 x - 16 poisoned darts
 F - 2 throwing nets {!f}
Armour
 m - a +0 robe (worn)
 n - a +0 cloak (worn)
   (You found it on level 2 of the Dungeon)
 p - a +1 helmet (worn)
   (You found it on level 1 of the Dungeon)
 E - a +1 scale mail of fire resistance
   (You took it off an orc on level 4 of the Dungeon)
Jewellery
 q - a +3 ring of protection (left hand)
   (You found it on level 1 of the Dungeon)
 t - an amulet of guardian spirit (around neck)
   (You found it on level 2 of the Dungeon)
 A - a ring of resist corrosion (right hand)
   (You took it off an orc wizard on level 4 of the Dungeon)
 G - a +3 ring of evasion {unknown}
   (You found it on level 5 of the Dungeon)
Wands
 d - a wand of iceblast (11)
   (You found it on level 7 of the Dungeon)
 u - a wand of paralysis (7)
   (You found it on level 4 of the Dungeon)
 v - a wand of digging (6)
   (You found it on level 3 of the Dungeon)
Scrolls
 f - 2 scrolls of fear
 g - 4 scrolls of amnesia {unknown}
 i - a scroll of blinking
 l - a scroll of remove curse {@r2}
 o - a scroll of fog {unknown}
 w - a scroll of enchant weapon {unknown}
 y - 5 scrolls of teleportation {@r4}
 D - a scroll of random uselessness {unknown}
 H - a scroll of enchant armour {unknown}
 J - a scroll of immolation {unknown}
Potions
 h - 2 potions of flight {unknown}
 k - 2 potions of heal wounds {@q2}
 r - a potion of haste {@q3}
 s - 2 potions of lignification {!q}
 z - 2 potions of might
 B - a potion of berserk rage {unknown}
 C - 3 potions of curing {@q1}
 I - 3 potions of brilliance {unknown}
Comestibles
 e - 18 rations {!d}
 K - 3 chunks of flesh


   Skills:
 + Level 3.4 Fighting
 * Level 6.9 Short Blades
 + Level 4.6 Slings
 - Level 5.0 Dodging
 + Level 7.5 Stealth
 + Level 5.5 Spellcasting
 + Level 4.1 Conjurations
 + Level 3.2 Charms
 + Level 6.7 Ice Magic


You had 14 spell levels left.
You knew the following spells:

 Your Spells              Type           Power        Failure   Level  Hunger
a - Freeze                Ice            ####         1%          1    None
b - Throw Frost           Conj/Ice       ###...       2%          2    #......
c - Ozocubu's Armour      Chrm/Ice       ###.....     5%          3    ###....

Your spell library contained the following spells:

 Spells                   Type           Power        Failure   Level  Hunger
 Throw Icicle             Conj/Ice       ###.....     16%         4    ####...
 Summon Ice Beast         Ice/Summ       ###.....     34%         4    ####...


Dungeon Overview and Level Annotations

Branches:
Dungeon (8/15)             Temple (0/1) D:6            Lair (0/6) D:8

Altars:
Ashenzari
Cheibriados
Fedhas
Gozag
Hepliaklqana
Kikubaaqudgha
Okawaru
Ru
Trog
Wu Jian
Xom
Yredelemnul
Zin
The Shining One

Shops:
D:7 *([=


Innate Abilities, Weirdness & Mutations

You are small and have problems with some larger weapons.
You are carnivorous and can eat meat at any time.


Message History

Aim: an orc warrior, wielding a +0 flail and wearing a +0 chain mail (severely wounded)
You freeze the orc warrior. The orc warrior misses you.
An orc comes into view.
It is wielding a +0 club and carrying a wand of acid (10).
Aim: an orc warrior, wielding a +0 flail and wearing a +0 chain mail (severely wounded)
You freeze the orc warrior!
You kill the orc warrior!
Yredelemnul accepts your kill.
The orc shouts!
Aim: an orc priest, wielding a +0 flail (lightly wounded)
You freeze the orc priest. The orc priest misses you.
Aim: an orc priest, wielding a +0 flail (heavily wounded)
You freeze the orc priest!
You kill the orc priest!
Yredelemnul accepts your kill.
You start resting.
An ogre comes into view. It is wielding a +0 giant club.
Throwing (i - inventory. (/) - cycle)
c - 354 stones (quivered)
Aim: an orc, wielding a +0 club, wearing a +0 leather armour, wearing a +2 buckler and carrying a wand of acid (10)
You throw a stone. The stone hits the orc.
Throwing (i - inventory. (/) - cycle)
c - 353 stones (quivered)
Aim: an orc, wielding a +0 club, wearing a +0 leather armour, wearing a +2 buckler and carrying a wand of acid (10) (moderately wounded)
You throw a stone. The orc blocks the stone.
A jelly comes into view.
Aim: an orc, wielding a +0 club, wearing a +0 leather armour, wearing a +2 buckler and carrying a wand of acid (10) (moderately wounded)
You freeze the orc.
The jelly quivers.
The orc drinks a potion.
The orc is healed!
Aim: an orc, wielding a +0 club, wearing a +0 leather armour, wearing a +2 buckler and carrying a wand of acid (10)
You freeze the orc. The orc hits you but does no damage.
Aim: an orc, wielding a +0 club, wearing a +0 leather armour, wearing a +2 buckler and carrying a wand of acid (10) (heavily wounded)
You freeze the orc.
The orc zaps a wand.
The bolt of acid hits you. You resist.
* * * LOW HITPOINT WARNING * * *
You are splashed with acid.
You resist.
* * * LOW HITPOINT WARNING * * *
The orc zaps a wand.
The bolt of acid hits you! You resist.
* * * LOW HITPOINT WARNING * * *
You are splashed with acid.
You resist.
* * * LOW HITPOINT WARNING * * *
The orc zaps a wand.
The bolt of acid hits you. You resist.
* * * LOW HITPOINT WARNING * * *
You are splashed with acid.
You resist.
* * * LOW HITPOINT WARNING * * *
The orc zaps a wand.
The bolt of acid hits you! You resist.
You die...
Your body rises from the dead as a mindless zombie.

## ###.## .....# ###
.....# ###... ##......
#.....##.....
#......(## #..@...# ...
####.#........ .. #...#
#........##. ####..#
#........)##
#..#.o####.........##
#...JO.##............
#....)>##............
##....(#.............
.$.......(.............


You could see an ogre and an orc.

Vanquished Creatures
  Pikel (D:5)
  A hippogriff (D:7)
  Sigmund (D:6)
  Edmund (D:6)
  An ice beast (D:7)
  4 orc warriors
  2 sky beasts
  A slave (D:5)
  A black bear (D:6)
  A phantom (D:6)
  5 ogres
  3 centaurs
  A scorpion (D:6)
  2 howler monkeys
  A crimson imp (D:6)
  A bullfrog zombie (D:8)
  A jelly (D:5)
  4 orc priests
  5 hounds
  An iron imp (D:5)
  2 iguanas
  6 orc wizards
  2 bullfrog skeletons
  4 worker ants
  A hound skeleton (D:5)
  A howler monkey zombie (D:6)
  9 gnolls
  7 adders
  3 worms
  8 dart slugs
  8 leopard geckos
  27 orcs
  8 giant cockroaches
  23 goblins
  13 hobgoblins
  5 jackals (D:3)
  9 kobolds
  4 quokkas
  3 ball pythons
  9 bats
  4 frilled lizards
  2 quokka skeletons
  A quokka zombie (D:7)
  5 rats
202 creatures vanquished.

Vanquished Creatures (others)
  A crimson imp (D:5)
1 creature vanquished.

Grand Total: 203 creatures vanquished

Notes
Turn   | Place    | Note
-------+----------+-------------------------------------------
     0 | D:1      | Bazzalis the Kobold Ice Elementalist began the quest for
                  | the Orb.
     0 | D:1      | Reached XP level 1. HP: 10/10 MP: 3/3
   576 | D:1      | Reached skill level 3 in Stealth
   576 | D:1      | Reached XP level 2. HP: 15/15 MP: 5/5
   926 | D:1      | Learned a level 2 spell: Throw Frost
  1152 | D:1      | Reached XP level 3. HP: 19/19 MP: 1/7
  2606 | D:2      | Reached XP level 4. HP: 21/24 MP: 0/8
  2905 | D:2      | Reached skill level 1 in Slings
  3007 | D:2      | Found a blossoming altar of Fedhas.
  3294 | D:3      | Reached skill level 1 in Short Blades
  4100 | D:3      | Reached XP level 5. HP: 28/28 MP: 0/9
  4917 | D:4      | Found a hazy altar of Hepliaklqana.
  4948 | D:4      | Found a basalt altar of Yredelemnul.
  4948 | D:4      | Found a sacrificial altar of Ru.
  4950 | D:4      | Found a shimmering altar of Xom.
  4981 | D:4      | Became a worshipper of Yredelemnul the Dark
  5033 | D:4      | Found an iron altar of Okawaru.
  5374 | D:4      | Found an ornate altar of the Wu Jian Council.
  5706 | D:3      | Reached XP level 6. HP: 27/32 MP: 5/10
  6164 | D:4      | Found a bloodstained altar of Trog.
  6256 | D:4      | Reached skill level 4 in Stealth
  6931 | D:4      | Reached * piety under Yredelemnul
  7405 | D:4      | Learned a level 3 spell: Ozocubu's Armour
  7424 | D:5      | Entered Level 5 of the Dungeon
  7424 | D:5      | Noticed an ogre
  7427 | D:5      | Killed an ogre
  7427 | D:5      | Reached XP level 7. HP: 36/36 MP: 10/12
  7824 | D:5      | Found a shattered altar of Ashenzari.
  8159 | D:5      | Reached skill level 1 in Charms
  8257 | D:5      | Found a glowing golden altar of the Shining One.
  8284 | D:5      | Noticed Pikel
  8403 | D:5      | Killed Pikel
  8403 | D:5      | Reached skill level 5 in Stealth
  8403 | D:5      | Reached skill level 5 in Ice Magic
  8403 | D:5      | Reached XP level 8. HP: 33/41 MP: 2/14
  8728 | D:5      | Found a glowing silver altar of Zin.
  8934 | D:5      | Found an ancient bone altar of Kikubaaqudgha.
  8974 | D:5      | Reached XP level 9. HP: 46/46 MP: 15/15
  9021 | D:5      | Found a snail-covered altar of Cheibriados.
  9197 | D:5      | Reached skill level 1 in Fighting
  9263 | D:6      | Reached ** piety under Yredelemnul
  9269 | D:6      | Noticed Sigmund
  9272 | D:6      | Killed Sigmund
  9272 | D:6      | Reached skill level 5 in Dodging
  9290 | D:6      | Noticed Edmund
  9299 | D:6      | Killed Edmund
  9337 | D:6      | Reached skill level 6 in Stealth
  9473 | D:6      | Found an opulent altar of Gozag.
  9607 | D:6      | Found a staircase to the Ecumenical Temple.
 10354 | D:6      | Reached skill level 5 in Short Blades
 10569 | D:7      | Found Zuosomm's Antique Weapon Shop.
 10595 | D:7      | Found Dul Ref's Assorted Antiques.
 10597 | D:7      | Bought a glowing short sword for 186 gold pieces
 10622 | D:7      | Found Fuxozu's Jewellery Emporium.
 10699 | D:7      | Found Jolennu's Armour Emporium.
 11175 | D:7      | Reached skill level 5 in Spellcasting
 11192 | D:7      | Noticed a hippogriff
 11201 | D:7      | Killed a hippogriff
 11428 | D:7      | Reached XP level 10. HP: 54/54 MP: 17/17
 11575 | D:7      | Reached skill level 7 in Stealth
 12585 | D:8      | Reached *** piety under Yredelemnul
 12802 | D:8      | Found a staircase to the Lair.
 12891 | D:8      | HP: 2/56 [acid (3)]
 12894 | D:8      | Killed from afar by an orc

Levels and vault maps discovered:
D:1:      lemuel_arrival_cross, layout_basic, minmay_stone_trees_small,
          minmay_vboxes
D:2:      layout_rooms, fedhas_altar_fruit_tree, serial_co_window_serial,
          co_window_corner_a, co_window_cross_1, co_window_corner_a,
          co_window_paths_b, co_window_paths_a, co_window_of_opportunity_c,
          co_window_broadway_c, co_window_paths_c, co_window_broadway_c,
          co_window_4corner_a, glass_columns_b, glass_columns_a,
          glass_columns_b, glass_columns_b, glass_columns_a, first_ration
D:3:      cheibrodos_greedy_goblins, layout_loops_ring
D:4:      corexii_shantytown, layout_basic, nicolae_overflow_crystal_walls,
          old_standard_altar, marbit_many_paths, kennysheep_little_box,
          minitemple
D:5:      layout_basic, old_standard_altar, kiku_gazebo_pond_becter,
          tso_oasis_becter, kennysheep_mini_moat, slow_altar_2, uniq_pikel
D:6:      layout_basic, minmay_temple_entry_antechambers,
          gup_sewer_entry_bubbles, corexii_leaking_fountain,
          nicolae_gozag_cash_rules_everything_around_me, uniq_edmund,
          uniq_sigmund
D:7:      layout_basic, serial_shops, nicolae_shop_stone,
          nicolae_shop_waterfront, shop, shop
D:8:      layout_cave_pools, lair_entry_dummy, uniq_grum

Skill      XL: |  1  2  3  4  5  6  7  8  9 10 |
---------------+-------------------------------+-----
Stealth        | 3 4 5 6 7 |  7.5
Spellcasting   | 3 4 5 |  5.5
Dodging        | 3 4 5 |  5.0
Slings         | 1 2 3 4 |  4.6
Short Blades   | 1 2 3 4 5 6 |  6.9
Ice Magic      | 4 5 6 |  6.7
Conjurations   | 2 3 4 |  4.1
Charms         | 1 2 3 |  3.2
Fighting       | 2 3 |  3.4

Action                   |  1- 3 |  4- 6 |  7- 9 | 10-12 || total
-------------------------+-------+-------+-------+-------++-------
Melee: Unarmed           |     2 |       |       |       ||     2
       Dagger            |       |    30 |   125 |       ||   155
       Short sword       |       |       |    21 |     6 ||    27
 Fire: Hunting sling     |    21 |    13 |    18 |    49 ||   101
Throw: Stone             |       |       |       |    16 ||    16
 Cast: Freeze            |    22 |   105 |   147 |    50 ||   324
       Throw Frost       |    34 |    62 |    36 |    27 ||   159
       Ozocubu's Armour  |       |       |     1 |       ||     1
  Use: Potion            |       |     1 |       |       ||     1
       Scroll            |       |     6 |     2 |       ||     8
 Stab: Sleeping          |       |     1 |     6 |     1 ||     8
  Eat: Chunk             |    16 |    18 |    14 |     4 ||    52
Armor: Robe              |     3 |    11 |    54 |    11 ||    79
Dodge: Dodged            |     8 |   108 |   190 |    29 ||   335
